 Dungeon Crawl Stone Soup version 0.29-a0-559-g359e09b9d1 (webtiles) character file.

Game seed: 11558545750317004481

29 zeratav the Stinger (level 3, -5/21 HPs)
             Began as an Octopode Venom Mage on June 10, 2022.
             Killed by divine providence
             ... invoked by an orc priest
              (13 damage)
             ... on level 4 of the Dungeon.
             The game lasted 00:02:48 (1526 turns).

zeratav the Stinger (Octopode Venom Mage)           Turns: 1526, Time: 00:02:49

Health: -5/21      AC:  1    Str:  7    XL:     3   Next: 16%
Magic:  6/6        EV: 13    Int: 19    God:
Gold:   60         SH:  0    Dex: 12    Spells: 5/6 levels left

rFire   . . .      SeeInvis .   c - +0 short sword {short}
rCold   . . .      Faith    .   (no shield)
rNeg    . . .      Spirit   .   (helmet restricted)
rPois   .          Reflect  .   (no amulet)
rElec   .          Harm     .   (no ring)
rCorr   .          Rampage  .   (no ring)
Will    .....                   (no ring)
Stlth   +++.......              (no ring)
HPRegen 0.07/turn               (no ring)
MPRegen 0.10/turn               (no ring)
                                (no ring)
                                (no ring)

@: no status effects
A: almost no armour, amphibious, 8 rings, camouflage 1, gelatinous body 1,
(nimble swimmer 1), tentacles
a: no special abilities


You were on level 4 of the Dungeon.
You visited 1 branch of the dungeon, and saw 4 of its levels.

You collected 60 gold pieces.


Innate Abilities, Weirdness & Mutations

You cannot wear most types of armour.
You are amphibious.
You can wear up to eight rings at the same time.
Your skin changes colour to match your surroundings (Stealth+).
Your rubbery body absorbs attacks. (AC +1, EV +1)
((You are camouflaged when in or above water. (Stealth+)))
You have tentacles for arms and can constrict up to eight enemies at once.


   Skills:
 - Level 2.0 Dodging
 + Level 3.3 Stealth
 + Level 2.3 Spellcasting
 - Level 1.0 Transmutations
 * Level 4.4 Poison Magic


You had 5 spell levels left.
You knew the following spells:

 Your Spells              Type           Power      Damage    Failure   Level
a - Sting                 Tmut/Pois      48%        1d5       5%          1

Your spell library contained the following spells:

 Spells                   Type           Power      Damage    Failure   Level
 Poisonous Vapours        Pois/Air       20%        N/A       10%         2
 Mephitic Cloud           Conj/Pois/Air  7%         N/A       26%         3
 Olgreb's Toxic Radiance  Pois           19%        N/A       26%         4
 Malign Gateway           Summ/Tloc      1%         N/A       100%        7
 Summon Horrible Things   Summ           1%         N/A       100%        8

Inventory:

Hand Weapons
 c - a +0 short sword (weapon) {short}
   (You took it off a kobold on level 1 of the Dungeon)
Jewellery
 j - an amulet of reflection
   (You found it on level 4 of the Dungeon)
Scrolls
 e - a scroll of blinking {unknown}
 f - a scroll of magic mapping {unknown}
 h - 2 scrolls of noise {unknown}
Potions
 a - a potion of magic
 b - a potion of lignification {unknown}
 d - a potion of curing {unknown}
 g - a potion of haste {unknown}
 i - a potion of attraction {unknown}

Dungeon Overview and Level Annotations

Branches:
Dungeon (4/15)
 Temple: D:4-7

Altars:
Xom

Shops:
D:1

?[* #.##.#..#######..... .
#..#.#..##.......... #.
#........#.##.#..... #..
##.#.#.###.#.##.##.... #.r#
.##.#.# #.....(##....
#.#..#.....###.#.#####†#.#
#.....#.#.##....#.#####<#.#
...##...>.##.##.........†.#
.....##.#.@.........###...#
........#.##........# ##.##
.....##....####.....# #.#
#### #.#.## #.....# #.#
#o### ####### #.# #o# #.##
#.######### #...
#...o..oo.##########.
#########.#.$....# #.


You could see an orc priest.


Message History

h - 2 scrolls labelled FEDEVESHRIP (gained 1) Done exploring.
HP[+2] MP[+5]
Your hp is fully restored (17).
Your mp is fully restored (5).
Done exploring.
(D) Dungeon
Where to? (? - help)
There is a stone staircase leading down here.
You climb downwards.
Found a thin smoking staff.
Found a stone staircase leading down.
There is a stone staircase leading up here.
There are monsters nearby!
The helpless ball python fails to defend itself.
You puncture the ball python!
You kill the ball python!
You have reached level 3!
Your experience leads to an increase in your attributes!
Increase (S)trength, (I)ntelligence, or (D)exterity?
You feel clever. x2
HP[+4] MP[+1]
You now have 21 max hp (+4).
Your hp is fully restored (21).
Your mp is fully restored (6).
A sourceless malevolence fills the Dungeon...
You fall into a shaft and drop 2 floors!
The shaft crumbles and collapses.
Found a stone staircase leading down.
A hobgoblin comes into view.
The helpless hobgoblin fails to defend itself.
You puncture the hobgoblin!
You kill the hobgoblin!
i - a brown potion
Found a stone staircase leading up.
No target in view!
(D) Dungeon
Where to? (Enter - D:2, ? - help) 3 jackals come into view.
The jackal barks!
There is a stone staircase leading up here.
You climb upwards.
Found a shimmering altar of Xom.
There is a stone staircase leading down here.
Found a faded altar of an unknown god.
Done exploring.
Done exploring.
No target in view!
(D) Dungeon
Where to? (Enter - D:3, ? - help)
There is a stone staircase leading down here.
You climb downwards.
The jackal misses you. The jackal barely misses you.
There is a stone staircase leading up here.
There are monsters nearby!
The jackal barks!
You hit the jackal but do no damage. You grab the jackal.
You squeeze the jackal.
You kill the jackal!
You closely miss the jackal. Your grab misses the jackal.
You squeeze the jackal. The jackal closely misses you. The jackal bites you.
HP[-2]
You take 2 damage, and now have 19/21 hp.
You hit the jackal but do no damage. You grab the jackal.
You constrict the jackal, but do no damage.
The jackal closely misses you.
You hit the jackal. You squeeze the jackal. You constrict the jackal.
The jackal completely misses you. The jackal barely misses you.
You barely miss the jackal. You constrict the jackal.
You kill the jackal!
You hit the jackal. You grab the jackal.
You constrict the jackal, but do no damage.
The jackal closely misses you.
The jackal bites you but does no damage.
You barely miss the jackal. You squeeze the jackal.
You kill the jackal!
You start resting.
HP[+2]
Your hp is fully restored (21).
Things that are here:
a jackal corpse; a jackal corpse A phantom comes into view.
Unknown command.
As you open the door, it creaks loudly!
An orc and 2 orc priests come into view.
You hear a shout!
The orc shouts!
The orc priest shouts!
An orc comes into view. It is wielding a +0 club.
As you close the door, it creaks loudly!
You see here an amulet of reflection.
j - an amulet of reflection The orc priest invokes the aid of Beogh against you.
Beogh smites you!
Ouch! That really hurt!
* * * LOW HITPOINT WARNING * * *
HP[-14]
You take 14 damage, and now have 7/21 hp.
MASSIVE DAMAGE!! (PAUSE) HP[+1]
A quokka comes into view.
There is a stone staircase leading down here.
The orc priest invokes the aid of Beogh against you.
Beogh smites you!
Ouch! That really hurt!
You die...

Skill      XL: |  1 |
---------------+----+-----
Stealth        | 3 |  3.3
Poison Magic   | 4 |  4.4
Dodging        | |  2.0
Spellcasting   | |  2.3
Transmutations | |  1.0

Action                   || total
-------------------------++-------
Melee: Whip              ||     5
       Constrict         ||     7
       Short sword       ||    27
       Punch             ||     1
       Tentacles         ||     6
 Cast: Sting             ||    23
 Stab: Sleeping          ||     4
Armor: Skin              ||     8
Dodge: Dodged            ||    30

Levels and vault maps discovered:
D:1:      lemuel_arrival_cross, layout_loops_ring, serial_shops, shop,
          nicolae_shop_hallway_plus,
          nicolae_shop_temple_entry_statues_fountains,
          hellmonk_ecumenical_altar_pennies_from_heaven
D:2:      layout_loops_ring, basic_altar, supply_closet_lemuel
D:3:      layout_rooms, mainiacjoe_overflow_catwalk,
          nicolae_overflow_crystal_walls, nicolae_overflow_ecumenical_swirl
D:4:      layout_loops_cross, elyvilon_altar_5, mainiacjoe_overflow_24_doors,
          minmay_temple_entry_wispy, uniq_sigmund

Notes
Turn   | Place    | Note
-------+----------+-------------------------------------------
     0 | D:1      | zeratav the Octopode Venom Mage began the quest for the
                  | Orb.
     0 | D:1      | Reached XP level 1. HP: 11/11 MP: 3/3
     0 | D:1      | magus.rc [v1.9.6]
   557 | D:1      | Found a faded altar of an unknown god.
   559 | D:1      | Reached skill level 3 in Stealth
   559 | D:1      | Reached skill level 4 in Poison Magic
   559 | D:1      | Reached XP level 2. HP: 17/17 MP: 0/5
   711 | D:1      | Found Owaotan's Assorted Antiques.
   844 | D:1      | You add the spells Malign Gateway and Summon Horrible
                  | Things to your library.
   867 | D:1      | Found Rouzalio's Antique Armour Shop.
  1205 | D:1      | Found Upisoc's Magic Scroll Boutique.
  1396 | D:2      | Reached XP level 3. HP: 21/21 MP: 6/6
  1396 | D:2      | You fall into a shaft and drop 2 floors!
  1417 | D:3      | Found a shimmering altar of Xom.
  1420 | D:3      | Found a faded altar of an unknown god.
  1470 | D:4      | Noticed a phantom
  1526 | D:4      | Killed from afar by an orc priest

Vanquished Creatures
  3 ball pythons
  2 endoplasms (D:1)
  A giant cockroach (D:1)
  2 goblins (D:1)
  3 hobgoblins
  3 jackals (D:4)
  4 bats (D:1)
  2 frilled lizards (D:1)
  4 kobolds (D:1)
  2 rats (D:1)
26 creatures vanquished.

Table legend:
 A = Non-vault XP
 B = Vault XP
 C = Vault XP percentage of total XP
 D = Non-vault monster count
 E = Vault monster count
 F = Vault count percentage of total count
                 A         B        C        D         E       F
            +---------+---------+-------+---------+---------+-------
      Total |      42 |       0 |   0.0 |      26 |       0 |   0.0
            +---------+---------+-------+---------+---------+-------
        D:1 |      32 |       0 |   0.0 |      21 |       0 |   0.0
        D:2 |       2 |       0 |   0.0 |       1 |       0 |   0.0
        D:4 |       8 |       0 |   0.0 |       4 |       0 |   0.0
            +---------+---------+-------+---------+---------+-------

Illustrated notes

Table legend:
 A = Kills in this place as a percentage of kills in entire the game.
 B = Kills by you in this place as a percentage of kills by you in the entire game.
 C = Kills by friends in this place as a percentage of kills by friends in the entire game.
 D = Other kills in this place as a percentage of other kills in the entire game.
 E = Experience gained in this place as a percentage of experience gained in the entire game.
 F = Experience gained in this place divided by the number of levels of this place that you have seen.
                   A       B       C       D       E      F
               +-------+-------+-------+-------+-------+----------------------
         Total | 100.0 | 100.0 |   N/A |   N/A | 100.0 |  10.5
       Dungeon | 100.0 | 100.0 |   N/A |   N/A | 100.0 |  10.5
               +-------+-------+-------+-------+-------+----------------------

Table legend: (Time is in decaauts)
 A = Elapsed time spent in this place.
 B = Non-inter-level travel time spent in this place.
 C = Inter-level travel time spent in this place.
 D = Time resting spent in this place.
 E = Time spent auto-exploring this place.
 F = Levels seen in this place.
 G = Mean time per level.
                   A        B        C        D        E       F      G
               +--------+--------+--------+--------+--------+-----+--------+
         Total |   1528 |   1496 |     32 |     15 |   1270 |   4 |  382.0 |
       Dungeon |   1528 |   1496 |     32 |     15 |   1270 |   4 |  382.0 |
               +--------+--------+--------+--------+--------+-----+--------+

Top non-repeatable levels by time:
     D:1: 1395 daAuts
     D:4: 120 daAuts
     D:3: 10 daAuts
     D:2: 1 daAuts
